 Dungeon Crawl Stone Soup version 0.20-a0-509-ga2a529b (webtiles) character file.

15305 Kaname the Destroyer (level 12, 86/86 HPs)
             Began as a Demonspawn Skald on Jan 22, 2017.
             Was an Elder of Vehumet.
             Quit the game on level 10 of the Dungeon.
             The game lasted 01:13:05 (16113 turns).

Kaname the Destroyer (Demonspawn Skald)            Turns: 16113, Time: 01:13:06

Health: 86/86      AC:  9    Str: 11    XL:     12   Next: 0%
Magic:  15/24      EV: 14    Int: 25    God:    Vehumet [****..]
Gold:   618        SH:  5    Dex: 13    Spells: 1/27 levels left

rFire    + . .     SeeInvis .   H - +5 long sword "Hyeck" {drain, +Inv rF+ rC+ Int+4}
rCold    + . .     Gourm    .   w - +1 robe {MR+}
rNeg     . . .     Faith    .   N - +0 buckler
rPois    +         Spirit   +   y - +0 helmet
rElec    .         Reflect  .   U - +1 cloak {rPois}
rCorr    .         Harm     .   h - +1 pair of gloves
MR       +....                  S - +0 pair of boots
Stlth    ++++......             G - amulet of rage
Regen    0.3/turn               P - ring of wizardry
                                r - +3 ring of intelligence

@: no status effects
A: hooves 1, repulsion field 1, dopey 1, nightstalker 2, magic shield, magic
regeneration
a: Renounce Religion, Evoke Berserk Rage, Evoke Invisibility


You were on level 10 of the Dungeon.
You worshipped Vehumet.
Vehumet was greatly pleased with you.
You were hungry.

You visited 3 branches of the dungeon, and saw 12 of its levels.
You also visited: Ossuary.

You collected 618 gold pieces.

Inventory:

Hand Weapons
 a - a +0 spear
 H - the +5 long sword "Hyeck" (weapon) {drain, +Inv rF+ rC+ Int+4}
   (You found it on level 1 of the Lair of Beasts)

   A truly terrible weapon, it drains the life of those it strikes.
   It affects your intelligence (+4).
   It protects you from fire.
   It protects you from cold.
   It lets you turn invisible.
Missiles
 D - a throwing net (quivered)
Armour
 h - a +1 pair of gloves (worn)
 w - a +1 robe of magic resistance (worn)
 y - a +0 helmet (worn)
 N - a +0 buckler (worn)
 S - a +0 pair of boots (worn)
 U - a +1 cloak of poison resistance (worn)
Jewellery
 n - an uncursed ring of positive energy
 r - a +3 ring of intelligence (left hand)
 z - a +4 ring of protection
 G - an amulet of rage (around neck)
 P - a ring of wizardry (right hand)
Wands
 j - a wand of random effects (11/48)
 m - a wand of random effects (21/48)
 s - a wand of lightning (0/15)
 F - a wand of iceblast (0/15)
 M - a wand of digging (14/24)
 O - a wand of lightning (1/15)
 W - a wand of acid (11/15)
Scrolls
 e - 2 scrolls of enchant armour
 f - 8 scrolls of remove curse
 q - 10 scrolls of recharging
 t - 5 scrolls of enchant weapon
 x - a scroll of immolation
 J - a scroll of teleportation
 L - a scroll of fear
 R - 2 scrolls of magic mapping
Potions
 b - a potion of lignification
 i - a potion of invisibility
 k - 3 potions of might
 l - 8 potions of curing
 o - 2 potions of ambrosia
 v - 2 potions of mutation {unknown}
 B - 3 potions of cancellation
 C - 6 potions of brilliance
 E - 3 potions of haste
 I - a potion of resistance {unknown}
 Q - a potion of heal wounds {unknown}
Books
 c - a book of Battle

   Spells                             Type                      Level
   a - Infusion                       Charms                       1
   b - Shroud of Golubria             Charms/Translocation         2
   c - Song of Slaying                Charms                       2
   d - Spectral Weapon                Hexes/Charms                 3
   e - Regeneration                   Charms/Necromancy            3
 K - a book of Geomancy

   Spells                             Type                      Level
   a - Sandblast                      Earth                        1
   b - Passwall                       Transmutation/Earth          2
   c - Stone Arrow                    Conjuration/Earth            3
   d - Petrify                        Transmutation/Earth          4
   e - Lee's Rapid Deconstruction     Earth                        5
 T - a book of Minor Magic

   Spells                             Type                      Level
   a - Magic Dart                     Conjuration                  1
   b - Blink                          Translocation                2
   c - Call Imp                       Summoning                    2
   d - Repel Missiles                 Charms/Air                   2
   e - Slow                           Hexes                        2
   f - Conjure Flame                  Conjuration/Fire             3
   g - Mephitic Cloud                 Conjuration/Poison/Air       3
 V - a book of Annihilations

   Spells                             Type                      Level
   a - Poison Arrow                   Conjuration/Poison           6
   b - Chain Lightning                Conjuration/Air              8
   c - Lehudib's Crystal Spear        Conjuration/Earth            8
   d - Glaciate                       Conjuration/Ice              9
   e - Fire Storm                     Conjuration/Fire             9
Comestibles
 d - 11 bread rations
 g - 13 meat rations
 p - 2 royal jellies


   Skills:
 - Level 5.0 Fighting
 - Level 5.0 Polearms
 - Level 0.8 Armour
 - Level 1.7 Dodging
 - Level 4.0 Stealth
 - Level 4.0 Shields
 - Level 8.1 Spellcasting
 + Level 8.2 Conjurations
 - Level 4.0 Hexes
 - Level 4.0 Charms
 - Level 5.0 Fire Magic
 - Level 7.0 Earth Magic
 - Level 6.0 Poison Magic


You had one spell level left.
You knew the following spells:

 Your Spells              Type           Power        Failure   Level  Hunger
a - Infusion              Chrm           ####         1%          1    None
b - Spectral Weapon       Hex/Chrm       ####....     1%          3    None
c - Searing Ray           Conj           ######       1%          2    None
d - Passwall              Tmut/Erth      ####......   1%          2    None
e - Lee's Rapid Deconstr  Erth           #####.....   1%          5    ####...
f - Blink                 Tloc           N/A          4%          2    None
g - Fireball              Conj/Fire      #####.....   1%          5    ####...
h - Poison Arrow          Conj/Pois      #####.....   8%          6    ######.


Dungeon Overview and Level Annotations

Branches:
Dungeon (10/15)            Temple (1/1) D:4            Lair (1/6) D:8
    Orc: D:9-12

Altars:
Ashenzari
Fedhas
Gozag
Makhleb
Nemelex Xobeh
Trog
Vehumet
The Shining One

Shops:
D:9 %


Innate Abilities, Weirdness & Mutations

You have large cloven feet.
You are surrounded by a mild repulsion field. (EV +2)
You are significantly more attuned to the shadows.
When hurt, damage is shared between your health and your magic reserves.
You regenerate magic rapidly.
You are dopey. (Int -2)


Message History

You kill the kobold!
Vehumet accepts your kill.
You feel your power returning. You block the kobold's attack.
The big kobold closely misses you.
Unknown command.
You hit the big kobold.
You kill the big kobold!
Vehumet accepts your kill.
You feel your power returning.
You have reached level 12!
Your experience leads to an increase in your attributes!
Your base attributes are Str 11, Int 18, Dex 13.
Increase (S)trength, (I)ntelligence, or (D)exterity?
You feel clever. x2; Your demonic ancestry asserts itself...
You begin to radiate repulsive energy.
The kobold closely misses you. You block the kobold's attack.
The kobold hits you but does no damage.
Unknown command.
Unknown command.
Are you sure you want to abandon this character and quit the game? (Confirm with "yes".)

#.#######
#..(....#
#.......#
#.......#
#...)...#
#...)...#
#..))...#
#...)...#
#@K.....#
#†K......#
#)K......#
#).......#
#........#
#.......
.)......
K........


You could see 3 kobolds.

Vanquished Creatures
  Josephine (D:10)
  A two-headed ogre (D:8)
  3 death yaks
  Pikel (D:7)
  The ghost of Schizzik the Slasher, a novice DsGl (D:5)
  A gargoyle (D:10)
  A spiny frog (Lair:1)
  A rime drake (Lair:1)
  A troll (D:9)
  2 polar bears (Lair:1)
  2 hippogriffs
  9 yaks
  3 wraiths
  3 wyverns
  Menkaure (Ossuary)
  Duvessa (D:7)
  2 porcupines
  3 sky beasts
  3 water moccasins
  A hornet zombie (D:8)
  3 ice beasts
  4 slaves (D:7)
  4 orc warriors
  2 phantoms
  2 black bears
  A necrophage (D:8)
  4 ogres
  An eye of draining (D:8)
  5 centaurs
  2 crocodiles
  2 big kobolds
  5 bullfrogs
  6 jellies
  Dowan (D:6)
  A scorpion (D:9)
  7 killer bees
  10 wights
  8 electric eels
  A crimson imp (D:5)
  2 bullfrog zombies
  A centaur zombie (Ossuary)
  7 hounds
  A human zombie (Ossuary)
  4 orc priests
  12 orc wizards
  Jessica (D:3)
  5 iguanas
  Ijyb (D:1)
  4 centaur skeletons
  2 hell rats (D:8)
  9 worker ants
  A killer bee zombie (D:10)
  4 ogre zombies (Ossuary)
  A big kobold zombie (Ossuary)
  6 mummies (Ossuary)
  Robin (D:3)
  A worker ant zombie (D:9)
  6 gnolls
  6 adders
  A howler monkey skeleton (D:4)
  2 river rats
  7 shadow imps
  4 oozes
  10 adder zombies
  2 worms (D:2)
  A dart slug (D:1)
  7 leopard geckos
  32 orcs
  3 ball pythons
  10 giant cockroaches
  35 goblins
  14 hobgoblins
  15 jackals
  19 kobolds
  9 quokkas
  13 bats
  3 frilled lizards
  A giant cockroach zombie (D:6)
  A goblin zombie (Ossuary)
  2 hobgoblin zombies (Ossuary)
  2 kobold zombies (Ossuary)
  3 leopard gecko skeletons
  A quokka skeleton (D:8)
  5 quokka zombies (Ossuary)
  24 rats
  4 rat zombies (Ossuary)
415 creatures vanquished.

Vanquished Creatures (others)
  2 bushes (Lair:1)
  2 plants (Lair:1)
4 creatures vanquished.

Grand Total: 419 creatures vanquished

Notes
Turn   | Place    | Note
-------+----------+-------------------------------------------
     0 | D:1      | Kaname the Demonspawn Skald began the quest for the Orb.
     0 | D:1      | Reached XP level 1. HP: 16/16 MP: 3/3
   178 | D:1      | Gained mutation: You are slightly more attuned to the shadows. [demonic ancestry]
   178 | D:1      | Reached XP level 2. HP: 16/22 MP: 5/5
   607 | D:1      | Gained mutation: You have large cloven feet. [demonic ancestry]
   607 | D:1      | Reached XP level 3. HP: 27/27 MP: 6/6
   683 | D:1      | Learned a level 3 spell: Spectral Weapon
  1211 | D:2      | Noticed Ijyb
  1225 | D:1      | Killed Ijyb
  1225 | D:1      | Reached skill level 1 in Hexes
  1260 | D:2      | Gained mutation: When hurt, damage is shared between your health and your magic reserves. [demonic ancestry]
  1260 | D:2      | Reached XP level 4. HP: 33/33 MP: 2/7
  2334 | D:2      | Reached XP level 5. HP: 28/38 MP: 1/8
  2930 | D:3      | Noticed Robin
  2963 | D:3      | Killed Robin
  3302 | D:3      | Found a glowing golden altar of the Shining One.
  3610 | D:3      | Noticed Jessica
  3614 | D:3      | Killed Jessica
  3816 | D:4      | Gained mutation: You regenerate magic rapidly. [demonic ancestry]
  3816 | D:4      | Reached XP level 6. HP: 39/44 MP: 5/9
  4132 | D:4      | Found a staircase to the Ecumenical Temple.
  4176 | Temple   | Entered the Ecumenical Temple
  4216 | Temple   | Became a worshipper of Vehumet
  4402 | D:5      | Entered Level 5 of the Dungeon
  4402 | D:5      | Found a shattered altar of Ashenzari.
  4405 | D:5      | Found an opulent altar of Gozag.
  4416 | D:5      | Reached skill level 5 in Polearms
  4416 | D:5      | Reached XP level 7. HP: 40/50 MP: 7/10
  4830 | D:5      | Reached * piety under Vehumet
  4830 | D:5      | Offered knowledge of Sting by Vehumet.
  5108 | D:5      | Noticed Schizzik's ghost (novice DsGl)
  5356 | D:5      | Reached skill level 5 in Fighting
  5594 | D:5      | Reached XP level 8. HP: 62/62 MP: 11/11
  5887 | D:6      | Found a sand-covered staircase.
  5892 | Ossuary  | Entered an ossuary
  6112 | Ossuary  | Reached ** piety under Vehumet
  6112 | Ossuary  | Offered knowledge of Searing Ray by Vehumet.
  6117 | Ossuary  | Learned a level 2 spell: Searing Ray
  6356 | Ossuary  | Reached skill level 1 in Conjurations
  6391 | Ossuary  | Noticed Menkaure
  6634 | Ossuary  | Killed Menkaure
  7073 | D:6      | Learned a level 2 spell: Passwall
  7147 | D:6      | Offered knowledge of Static Discharge by Vehumet.
  7273 | D:6      | Reached skill level 5 in Conjurations
  7419 | D:6      | Learned a level 5 spell: Lee's Rapid Deconstruction
  7475 | D:6      | Reached skill level 1 in Earth Magic
  7726 | D:6      | Reached *** piety under Vehumet
  7878 | D:6      | Gained mutation: You are significantly more attuned to the shadows. [demonic ancestry]
  7878 | D:6      | Reached XP level 9. HP: 63/68 MP: 13/13
  8291 | D:5      | Killed Schizzik's ghost
  8320 | D:7      | Noticed Duvessa
  8320 | D:7      | Noticed Dowan
  8335 | D:6      | Reached skill level 5 in Earth Magic
  8336 | D:6      | Killed Dowan
  8622 | D:7      | Offered knowledge of Conjure Flame by Vehumet.
  8665 | D:7      | Noticed Pikel
  8702 | D:7      | Killed Pikel
  9090 | D:6      | Reached skill level 1 in Shields
  9412 | D:7      | Killed Duvessa
  9721 | D:7      | Reached **** piety under Vehumet
  9829 | D:7      | Reached XP level 10. HP: 74/74 MP: 5/14
 10017 | D:7      | Learned a level 2 spell: Blink
 10210 | D:8      | Offered knowledge of Fireball by Vehumet.
 10848 | D:8      | Noticed a death yak
 10993 | D:8      | Noticed a death yak
 11007 | D:8      | Noticed a death yak
 11007 | D:8      | Found a staircase to the Lair.
 11988 | D:9      | Reached skill level 5 in Spellcasting
 12203 | D:9      | Learned a level 5 spell: Fireball
 12326 | D:9      | Reached skill level 1 in Fire Magic
 12583 | D:9      | Found Yfipaxt's Food Shoppe.
 12913 | D:9      | Reached skill level 5 in Fire Magic
 13357 | D:8      | Reached ***** piety under Vehumet
 13357 | D:8      | Offered knowledge of Poison Arrow by Vehumet.
 13376 | Lair:1   | Entered Level 1 of the Lair of Beasts
 13432 | Lair:1   | Got a smoking long sword
 13434 | Lair:1   | Identified the +5 long sword "Hyeck" {drain, +Inv rF+ rC+ Int+4} (You found it on level 1 of the Lair of Beasts)
 13550 | Lair:1   | Reached XP level 11. HP: 79/79 MP: 10/19
 14290 | Lair:1   | Found a blossoming altar of Fedhas.
 14498 | D:8      | Killed a death yak
 14505 | D:8      | Killed a death yak
 14513 | D:8      | Learned a level 6 spell: Poison Arrow
 14633 | D:7      | Killed a death yak
 14832 | D:8      | Found a staircase to the Lair.
 15335 | D:8      | Noticed a two-headed ogre
 15344 | D:8      | Killed a two-headed ogre
 15404 | D:8      | Gained mutation: You are dopey. (Int -2) [mutagenic meat]
 15492 | D:10     | Entered Level 10 of the Dungeon
 15556 | D:10     | Noticed Josephine
 15563 | D:10     | Killed Josephine
 15563 | D:10     | Reached skill level 5 in Poison Magic
 15568 | D:10     | Noticed a two-headed ogre
 16112 | D:10     | Gained mutation: You are surrounded by a mild repulsion field. (EV +2) [demonic ancestry]
 16112 | D:10     | Reached XP level 12. HP: 86/86 MP: 14/24
 16113 | D:10     | Quit the game

Vault maps used:
D:1:      erik_arrival_orb_chamber, st_stairs_8
D:2:      minmay_misc_feat_alley, uniq_iyjb
D:3:      nicolae_tso_carved_into_rock, first_bread, uniq_jessica, uniq_robin
D:4:      small_statue_intersection
D:5:      corexii_shantytown, grunt_temple_overflow_open, gup_sewer_entry_spiral
D:6:      enter_ossuary_2, minmay_joined_circles
D:7:      uniq_duvessa, uniq_pikel
D:8:      statuecave_lemuel, dpeg_lair_monsters
D:9:      cheibrodos_two_vegetables, serial_shops, shop
D:10:     grunt_ogre_cave, uniq_josephine
Temple:   dpeg_five_rooms_temple
Lair:1:   basic_altar, wad_woods_06, gammafunk_lair_bear_cave
Ossuary:  ossuary_boxes_badplayer

Skill      XL: |  1  2  3  4  5  6  7  8  9 10 11 |
---------------+----------------------------------+-----
Polearms       | 2 3 5 |  5.0
Charms         | 3 4 |  4.0
Hexes          | 1 3 4 |  4.0
Fighting       | 5 |  5.0
Stealth        | 2 4 |  4.0
Conjurations   | 5 6 8 |  8.2
Spellcasting   | 3 5 8 |  8.1
Earth Magic    | 1 7 |  7.0
Shields        | 3 4 |  4.0
Fire Magic     | 5 |  5.0
Poison Magic   | 6 |  6.0
Armour         | |  0.8
Dodging        | |  1.7

Action                   |  1- 3 |  4- 6 |  7- 9 | 10-12 || total
-------------------------+-------+-------+-------+-------++-------
Melee: Spear             |   137 |    34 |       |       ||   171
       Kick              |     4 |    48 |   161 |    39 ||   252
       Dagger            |       |   221 |   712 |   146 ||  1079
       Long sword        |       |       |       |   140 ||   140
 Cast: Infusion          |     4 |     6 |     6 |       ||    16
       Spectral Weapon   |       |     1 |     1 |       ||     2
       Searing Ray       |       |       |    16 |    26 ||    42
       Lee's Rapid Decon |       |       |     9 |    35 ||    44
       Fireball          |       |       |       |    49 ||    49
       Blink             |       |       |       |     1 ||     1
 Abil: Evoke Berserk Rag |       |       |     1 |       ||     1
Evoke: Wand              |       |       |     5 |    14 ||    19
  Use: Scroll            |       |     3 |    13 |    11 ||    27
       Potion            |       |       |     2 |     2 ||     4
 Stab: Sleeping          |     5 |     8 |    14 |     2 ||    29
       Distracted        |       |     1 |     1 |     1 ||     3
       Paralysed         |       |       |       |     1 ||     1
  Eat: Chunk             |     1 |    10 |    19 |    29 ||    59
       Fruit             |       |       |     5 |    10 ||    15
       Meat ration       |       |       |       |     1 ||     1
Armor: Leather armour    |    33 |    63 |   246 |    46 ||   388
       Skin              |       |       |    17 |       ||    17
       Troll leather arm |       |       |       |    58 ||    58
       Robe              |       |       |       |    25 ||    25
Dodge: Dodged            |    66 |   156 |   380 |   188 ||   790
Block: Buckler           |       |       |    13 |    87 ||   100
       Rpst.: Long sword |       |       |       |    23 ||    23
